 Dungeon Crawl Stone Soup version 0.24-a0-762-gca426f56c8 (webtiles) character file.

Game seed: 6075148514770594125, levelgen mode: deterministic

639 Kairok the Sneak (level 7, -8/36 HPs)
             Began as a Vine Stalker Assassin on Oct 3, 2019.
             Mangled by an ogre
             ... wielding a +0 giant spiked club
              (20 damage)
             ... on level 5 of the Dungeon.
             The game lasted 00:07:25 (3524 turns).

Kairok the Sneak (Vine Stalker Assassin)            Turns: 3524, Time: 00:07:25

Health: -8/36      AC: 11    Str: 13      XL:     7   Next: 51%
Magic:  0/8        EV:  9    Int: 15      God:
Gold:   180        SH:  9    Dex: 17 (18) Spells: 3/6 levels left

rFire    . . .     SeeInvis .   t - +1 dagger (freeze)
rCold    . . .     Gourm    .   o - +1 buckler
rNeg     . . .     Faith    .   g - +0 scale mail
rPois    +         Spirit   +   p - +0 helmet
rElec    .         Reflect  +   c - +1 cloak
rCorr    .         Harm     .   (no gloves)
MR       +....                  i - +0 pair of boots
Stlth    ++........             x - +4 amulet of reflection
HPRegen  0.52/turn              v - ring of poison resistance
MPRegen  0.11/turn              n - +1 ring of slaying

@: no status effects
A: fangs 2, clever 2, magic resistance 1, regeneration 1, magic shield,
antimagic bite, no potion heal 3, rot immunity
a: no special abilities


You were on level 5 of the Dungeon.
You were not hungry.

You visited 1 branch of the dungeon, and saw 5 of its levels.

You collected 180 gold pieces.

Inventory:

Hand Weapons
 a - a +2 dagger
 t - a +1 dagger of freezing (weapon)
Missiles
 d - 21 poisoned darts (quivered)
 e - 2 curare-tipped darts
Armour
 c - a +1 cloak (worn)
 g - a +0 scale mail (worn)
 i - a +0 pair of boots (worn)
 o - a +1 buckler (worn)
 p - a +0 helmet (worn)
 y - a +0 ring mail
Jewellery
 n - a +1 ring of slaying (right hand)
 v - a ring of poison resistance (left hand)
 x - a +4 amulet of reflection (around neck)
Wands
 j - a wand of disintegration (2)
 k - a wand of random effects (12)
Scrolls
 b - a scroll of immolation {unknown}
 h - 2 scrolls of teleportation
 m - a scroll of remove curse
 q - 2 scrolls of enchant armour
 s - a scroll of magic mapping {unknown}
 z - a scroll of identify
Potions
 l - a potion of curing {unknown}
 r - 2 potions of agility
 u - a potion of lignification {unknown}
Comestibles
 f - 11 rations
 w - a chunk of flesh


   Skills:
 + Level 3.1 Fighting
 + Level 4.4 Short Blades
 + Level 1.9 Throwing
 + Level 3.0 Armour
 + Level 1.7 Dodging
 + Level 6.5 Stealth
 + Level 0.3 Shields
 + Level 0.2 Evocations


You had 3 spell levels left.
You knew the following spells:

 Your Spells              Type           Power        Failure   Level  Hunger
a - Regeneration          Chrm/Necr      #.........   99%         3    ####...

Your spell library contained the following spells:

 Spells                   Type           Power        Failure   Level  Hunger
 Animate Skeleton         Necr           N/A          89%         1    ##.....
 Pain                     Necr           #...         89%         1    ##.....
 Vampiric Draining        Necr           #.........   99%         3    ####...
 Animate Dead             Necr           N/A          100%        4    #####..


Dungeon Overview and Level Annotations

Branches:
Dungeon (5/15)
 Temple: D:4-7

Altars:


Innate Abilities, Weirdness & Mutations

You have extremely sharp teeth.
Your natural rate of healing is unusually fast.
When hurt, damage is shared between your health and your magic reserves.
Your bite disrupts and absorbs the magic of your enemies.
Potions cannot restore your health.
You are immune to rotting.
Your mind is very acute. (Int +4)
You are resistant to hostile enchantments. (MR+)


Message History

Evoke which item? (* to show all) (? for menu, Esc to quit)
Aiming: Disintegrate
Press: ? - help, Shift-Dir - straight line, f/p - ogre
Aim: an ogre, wielding a +0 giant spiked club (fast, chance to defeat MR: 65%)
The ogre is blasted!!
You hear an angry hiss.
An adder comes into view.
You block the ogre's attack.
A centaur comes into view.
The centaur shouts!
You hit the ogre. You freeze the ogre. You bite the ogre. You drain its power.
The ogre is almost dead.
The ogre hits you with a +0 giant spiked club!!
Ouch! That really hurt!
The centaur wields a +0 shortbow of freezing.
It is covered in frost.
The centaur shoots an arrow.
The arrow closely misses you.
The ogre hits you with a +0 giant spiked club!!
Ouch! That really hurt!
You die...

#........#.#. #
##............
#.#.............
.................
.................
#.............#
.....c......S##.###
.........###O#..#
..........##.###@#.####
..........#...........#
..........#...........#
...# .....#...........#
...# #.............#
..#######.#.............
...................#####
## ######..........####
.########.............##


You could see an ogre and an adder.

Vanquished Creatures
  Eustachio (D:5)
  A phantom (D:4)
  A crimson imp (D:5)
  5 hounds
  A quasit (D:5)
  2 orc wizards (D:3)
  A worker ant (D:5)
  5 adders
  3 worms
  A dart slug (D:3)
  2 leopard geckos
  2 orcs (D:3)
  7 bats
  6 giant cockroaches
  8 goblins
  4 hobgoblins
  7 jackals
  A quokka (D:2)
  3 ball pythons
  2 frilled lizards
  6 kobolds
  6 rats
75 creatures vanquished.

Notes
Turn   | Place    | Note
-------+----------+-------------------------------------------
     0 | D:1      | Kairok the Vine Stalker Assassin began the quest for the
                  | Orb.
     0 | D:1      | Reached XP level 1. HP: 11/11 MP: 2/2
    75 | D:1      | Reached skill level 5 in Stealth
   227 | D:1      | Reached XP level 2. HP: 15/15 MP: 3/3
  1067 | D:2      | Reached skill level 1 in Dodging
  1105 | D:2      | Reached XP level 3. HP: 18/18 MP: 4/4
  1982 | D:2      | Gained mutation: Your natural rate of healing is unusually
                  | fast. [Vine Stalker growth]
  1982 | D:2      | Reached XP level 4. HP: 19/23 MP: 3/5
  1987 | D:2      | Gained mutation: Your mind is acute. (Int +2) [potion of
                  | mutation]
  1987 | D:2      | Gained mutation: You are resistant to hostile enchantments.
                  | (MR+) [potion of mutation]
  1987 | D:2      | Gained mutation: Your mind is very acute. (Int +4) [potion
                  | of mutation]
  2117 | D:3      | Reached skill level 1 in Armour
  2285 | D:3      | Reached skill level 6 in Stealth
  2285 | D:3      | Reached XP level 5. HP: 27/27 MP: 6/6
  2312 | D:3      | Learned a level 3 spell: Regeneration
  2673 | D:3      | Found a faded altar of an unknown god.
  2788 | D:4      | Reached XP level 6. HP: 24/32 MP: 4/7
  2809 | D:4      | Noticed a phantom
  2910 | D:4      | Killed a phantom
  3311 | D:5      | Entered Level 5 of the Dungeon
  3337 | D:5      | Reached XP level 7. HP: 35/35 MP: 8/8
  3382 | D:5      | Noticed Eustachio
  3427 | D:5      | Killed Eustachio
  3524 | D:5      | Mangled by an ogre

Levels and vault maps discovered:
D:1:      lemuel_arrival_behind_the_door_small, layout_basic, serial_forest,
          infiniplex_forest_lined_2, infiniplex_forest_clump_tiny,
          infiniplex_forest_clump_large, infiniplex_forest_diagonal,
          infiniplex_forest_zigzag_1, infiniplex_forest_side_room,
          infiniplex_forest_split
D:2:      layout_rooms
D:3:      layout_loops_cross, chequers_ecumenical_altar_lobes
D:4:      layout_cave_pools, serial_column_ruins, column_ruins_circle_medium,
          column_ruins_hut, column_ruins_columns_straight,
          column_ruins_open_tiny, column_ruins_grid_1
D:5:      layout_rooms, first_ration, minmay_gold_behind_fungi, uniq_eustachio,
          uniq_sigmund

Skill      XL: |  1  2  3  4  5  6  7 |
---------------+----------------------+-----
Stealth        | 5 6 |  6.5
Fighting       | 2 3 |  3.1
Dodging        | 1 |  1.7
Short Blades   | 2 3 4 |  4.4
Armour         | 1 2 3 |  3.0
Throwing       | |  1.9
Shields        | |  0.3
Evocations     | |  0.2

Action                   |  1- 3 |  4- 6 |  7- 9 || total
-------------------------+-------+-------+-------++-------
Melee: Dagger            |   106 |   181 |    46 ||   333
       Bite              |    24 |    59 |    13 ||    96
Throw: Dart              |     3 |       |       ||     3
Evoke: Wand              |       |     2 |     2 ||     4
  Use: Scroll            |     4 |     5 |     1 ||    10
       Potion            |     2 |     2 |       ||     4
 Stab: Sleeping          |    10 |     6 |       ||    16
  Eat: Chunk             |     3 |       |     2 ||     5
       Ration            |       |     1 |       ||     1
Armor: Robe              |    22 |       |       ||    22
       Scale mail        |    42 |    75 |    21 ||   138
Dodge: Dodged            |    80 |    68 |    23 ||   171
Block: Buckler           |       |     2 |    20 ||    22

Table legend:
 A = Non-vault XP
 B = Vault XP
 C = Vault XP percentage of total XP
 D = Non-vault monster count
 E = Vault monster count
 F = Vault count percentage of total count
                 A         B        C        D         E       F
            +---------+---------+-------+---------+---------+-------
      Total |     723 |     191 |  20.9 |      74 |       1 |   1.3
            +---------+---------+-------+---------+---------+-------
        D:1 |      28 |       0 |   0.0 |      17 |       0 |   0.0
        D:2 |      63 |       0 |   0.0 |      20 |       0 |   0.0
        D:3 |     161 |       0 |   0.0 |      19 |       0 |   0.0
        D:4 |     294 |       0 |   0.0 |      10 |       0 |   0.0
        D:5 |     177 |     191 |  51.9 |       8 |       1 |  11.1
            +---------+---------+-------+---------+---------+-------
